 Dungeon Sprint DCSS version 0.21-a0-110-g8e1637b (webtiles) character file.

3512 Kidiri the Covert (level 9, -18/45 (47) HPs)
             Began as a Spriggan Enchanter on July 8, 2017.
             Was an Initiate of Dithmenos.
             Killed from afar by a fire dragon (39 damage)
             ... with a blast of flame
             ... in the Dungeon (Sprint II: "The Violet Keep of Menkaure").
             The game lasted 00:06:47 (804 turns).

Kidiri the Covert (Spriggan Enchanter)               Turns: 804, Time: 00:06:49

HP:   -18/45 (47)   AC:  5    Str:  4    XL:     9   Next: 81%
MP:   4/25          EV: 30    Int: 16    God:    Dithmenos [......]
Gold: 192           SH:  0    Dex: 18    Spells: 8/30 levels left

rFire    . . .     SeeInvis +   a - +1 dagger
rCold    . . .     Gourm    .   (shield restricted)
rNeg     + . .     Faith    .   i - +2 robe "Cacromn" {rPois rN+}
rPois    +         Spirit   .   (helmet restricted)
rElec    .         Reflect  .   (no cloak)
rCorr    .         Harm     .   (gloves unavailable)
MR       +....     NoTele   +   (boots unavailable)
Stlth    ++++++....             (no amulet)
HPRegen  0.15/turn              k - +1 ring of protection
MPRegen  0.19/turn              (no ring)

@: very quick
A: unfitting armour, see invisible, dopey 1, herbivore 3, speed 3, slow
metabolism 2
a: Renounce Religion


You were in the Dungeon.
You worshipped Dithmenos.
Dithmenos was noncommittal.
You were not hungry.

You visited 1 branch You collected 1148 gold pieces.
You spent 956 gold pieces at shops.

Inventory:

Hand Weapons
 a - a +1 dagger (weapon)
Armour
 i - the +2 robe "Cacromn" (worn) {rPois rN+}
   (You bought it in a shop in the Dungeon)

   It protects you from poison.
   It protects you from negative energy.
Jewellery
 k - a +1 ring of protection (left hand)
Scrolls
 b - a scroll of amnesia {unknown}
 e - 2 scrolls of identify
 f - a scroll of enchant armour
 j - 3 scrolls of blinking
Potions
 g - a potion of haste
 h - 2 potions of magic
Books
 c - a book of Maledictions

   Spells                             Type                      Level
   a - Corona                         Hexes                        1
   b - Ensorcelled Hibernation        Hexes/Ice                    2
   c - Confuse                        Hexes                        3
   d - Tukima's Dance                 Hexes                        3
   e - Dazzling Spray                 Conjuration/Hexes            3
 l - Sif Muna's Papyrus of Self-Knowledge and Envenoming
   (You bought it in a shop in the Dungeon)

   Spells                             Type                      Level
   a - Infusion                       Charms                       1
   b - Swiftness                      Charms/Air                   2
   c - Poisonous Vapours              Poison/Air                   2
   d - Ignite Poison                  Fire/Transmutation/Poison    3
   e - Deflect Missiles               Charms/Air                   6
Comestibles
 d - a bread ration


   Skills:
 + Level 5.5 Fighting
 * Level 10.3 Short Blades
 + Level 5.0 Armour
 * Level 13.3 Dodging
 * Level 14.6 Stealth
 * Level 11.4 Spellcasting
 + Level 1.8 Conjurations
 + Level 8.8 Hexes
 + Level 3.7 Charms
 + Level 2.0 Ice Magic
 + Level 2.2 Air Magic
 + Level 2.4 Poison Magic


You had 8 spell levels left.
You knew the following spells:

 Your Spells              Type           Power        Failure   Level  Hunger
a - Corona                Hex            #####..      1%          1    None
b - Ensorcelled Hibernat  Hex/Ice        ####..       1%          2    None
c - Confuse               Hex            #####...     1%          3    None
d - Tukima's Dance        Hex            #####...     1%          3    None
e - Dazzling Spray        Conj/Hex       ####..       2%          3    None
f - Swiftness             Chrm/Air       ###.....     3%          2    None
g - Deflect Missiles      Chrm/Air       ###.......   98%         6    ######.
h - Poisonous Vapours     Pois/Air       ###...       4%          2    None


Dungeon Overview and Level Annotations

Branches:
Dungeon (1/1)

Altars:
Cheibriados
Dithmenos
Elyvilon
Fedhas
Gozag
Hepliaklqana
Kikubaaqudgha
Makhleb
Nemelex Xobeh
Okawaru
Qazlal
Ru
Sif Muna
Trog
Uskayaw
Vehumet
Wu Jian
Xom
Yredelemnul
Zin
The Shining One
Beogh
Jiyva
Lugonu

Shops:
D (:[?![*(%:=%}?=!

Annotations:
D exclusions: oklob plant and orange crystal statue


Innate Abilities, Weirdness & Mutations

You are very small and have problems with some larger weapons.
You are too small for most types of armour.
You have supernaturally acute eyesight. (SInv)
You are a herbivore.
You cover ground extremely quickly.
You need consume almost no food.
You are dopey. (Int -2)


Message History

Unknown command.
Casting: Ensorcelled Hibernation
Confirm with . or Enter, or press ? or * to list all spells.
Aiming: Dazzling Spray
Press: ? - help, Shift-Dir - straight line, f/p - fire dragon
Aim: a fire dragon The spray of energy hits the fire dragon.
The fire dragon is dazzled.
Unknown command.
The fire dragon completely misses you. The fire dragon closely misses you.
The fire dragon misses you.
You see here a scroll of enchant armour.
You are too injured to fight recklessly!
You are too injured to fight recklessly!
You hit the fire dragon but do no damage.
You completely miss the fire dragon. The fire dragon breathes flames at you.
The blast of flame hits you!
Ouch! That really hurt!
You die... ≈z≈§§≈§## z§≈..z≈## z§§§§z≈§# +# # zzz≈≈. ..### ≈## zzz§

...# ≈≈#+++#+++## ...#
≈≈.........# ..# ≈≈≈.##+##..#
####.# ≈≈≈##...##.####$@'^###
≈≈≈#..##.# ...#D?#...####
≈######.####..#####..##.# )$=
##.###+###.##..#..+.^#..#▓!?($[
#.#.##.##...#..#.†#..#..#▓$)[(!$
+###+.<.+.##+..####..##%#▓!!$?$?%
#.#.##.##...#....###.^.##▓▓▓▓▓▓▓+
##.###+###.##......≈≈≈≈≈≈≈≈≈≈≈≈≈
≈####.#.####≈≈.....≈#÷########+##


You could see a fire dragon (blind).

Vanquished Creatures
  2 spiny frogs (D)
  A yaktaur (D)
  2 tyrant leeches (D)
  2 polar bears (D)
  A hornet (D)
  2 hippogriffs (D)
  A blink frog (D)
  4 neqoxecs (D)
  4 necrophages (D)
  A crocodile (D)
20 creatures vanquished.

Vanquished Creatures (others)
  A polar bear (D)
  Menkaure (D)
  A crocodile (D)
3 creatures vanquished.

Grand Total: 23 creatures vanquished

Notes
Turn   | Place    | Note
-------+----------+-------------------------------------------
     0 | D        | Kidiri the Spriggan Enchanter began the quest for the Orb.
     0 | D        | Reached XP level 1. HP: 9/9 MP: 5/5
     1 | D        | Noticed a neqoxec
     4 | D        | Noticed a necrophage
     4 | D        | Noticed a necrophage
     4 | D        | Noticed a necrophage
     4 | D        | Noticed a necrophage
    12 | D        | Killed a necrophage
    12 | D        | Reached skill level 1 in Fighting
    12 | D        | Reached skill level 1 in Armour
    12 | D        | Reached skill level 7 in Stealth
    12 | D        | Reached skill level 5 in Spellcasting
    12 | D        | Reached XP level 2. HP: 15/15 MP: 6/9
    12 | D        | Reached XP level 3. HP: 18/18 MP: 6/10
    12 | D        | Reached XP level 4. HP: 23/23 MP: 7/12
    20 | D        | Killed a necrophage
    20 | D        | Reached skill level 8 in Stealth
    20 | D        | Reached skill level 5 in Hexes
    20 | D        | Reached XP level 5. HP: 27/27 MP: 7/14
    38 | D        | Killed Menkaure
    60 | D        | Killed a necrophage
    60 | D        | Reached skill level 5 in Short Blades
    60 | D        | Reached skill level 9 in Stealth
    96 | D        | Killed a necrophage
    96 | D        | Reached skill level 10 in Stealth
    96 | D        | Reached XP level 6. HP: 4/30 MP: 17/17
   121 | D        | Learned a level 2 spell: Ensorcelled Hibernation
   125 | D        | Learned a level 3 spell: Confuse
   129 | D        | Learned a level 3 spell: Tukima's Dance
   133 | D        | Learned a level 3 spell: Dazzling Spray
   357 | D        | Noticed a hippogriff
   357 | D        | Noticed a hippogriff
   363 | D        | Killed a hippogriff
   363 | D        | Reached XP level 7. HP: 29/34 MP: 13/19
   367 | D        | Killed a hippogriff
   367 | D        | Reached skill level 10 in Dodging
   367 | D        | Reached skill level 11 in Stealth
   473 | D        | Noticed a tyrant leech
   473 | D        | Noticed a tyrant leech
   477 | D        | Killed a tyrant leech
   477 | D        | Reached skill level 12 in Stealth
   494 | D        | Killed a tyrant leech
   494 | D        | Reached XP level 8. HP: 40/40 MP: 18/22
   505 | D        | Reached skill level 10 in Spellcasting
   509 | D        | Reached skill level 13 in Stealth
   511 | D        | Gained mutation: You are dopey. (Int -2) [a neqoxec]
   516 | D        | Noticed a flying skull
   516 | D        | Noticed a flying skull
   516 | D        | Noticed a flying skull
   516 | D        | Noticed a flying skull
   516 | D        | Noticed a flying skull
   517 | D        | Noticed a flying skull
   517 | D        | Noticed a flying skull
   517 | D        | Noticed a flying skull
   517 | D        | Noticed a flying skull
   518 | D        | Noticed a flying skull
   518 | D        | Noticed a flying skull
   522 | D        | Noticed a flying skull
   563 | D        | Noticed an orange crystal statue
   569 | D        | Found Dixtuzu's Distillery.
   570 | D        | Found Gidixaypn's Magic Scroll Emporium.
   570 | D        | Found Kiuf's Gadget Shoppe.
   571 | D        | Noticed a blink frog
   573 | D        | Killed a blink frog
   578 | D        | Found Wuttodar's Jewellery Emporium.
   578 | D        | Found Biulliv's Book Shoppe.
   580 | D        | Found Gohahuil's Jewellery Shoppe.
   580 | D        | Found Noege's Food Emporium.
   581 | D        | Found Zeqi's Assorted Antiques.
   581 | D        | Found Osirr's Antique Armour Shoppe.
   582 | D        | Found Gets's Food Emporium.
   582 | D        | Found Sumpol's Distillery.
   582 | D        | Noticed a hell hog
   583 | D        | Found Umerph Vijounk's Antique Weapon Shoppe.
   586 | D        | Found Lodeibuf's Magic Scroll Shoppe.
   586 | D        | Found Kuitseck's Antique Armour Emporium.
   586 | D        | Noticed a hell hog
   586 | D        | Noticed an oklob plant
   587 | D        | Found Gydisy's Antique Weapon Shoppe.
   587 | D        | Found Nigurchot's Book Shoppe.
   588 | D        | Noticed a great orb of eyes
   592 | D        | Noticed a hippogriff
   593 | D        | Noticed a hippogriff
   594 | D        | Noticed a hippogriff
   600 | D        | Bought a scroll of identify for 20 gold pieces
   600 | D        | Bought a scroll of identify for 20 gold pieces
   600 | D        | Bought a scroll of enchant armour for 75 gold pieces
   624 | D        | Bought a colourful robe for 131 gold pieces
   634 | D        | Identified the +2 robe "Cacromn" {rPois rN+} (You bought it in a shop in the Dungeon)
   648 | D        | Bought a notched jade ring for 125 gold pieces
   648 | D        | Bought a yellowed book for 375 gold pieces
   648 | D        | Identified Sif Muna's Papyrus of Self-Knowledge and Envenoming (You bought it in a shop in the Dungeon)
   652 | D        | Learned a level 2 spell: Swiftness
   659 | D        | Learned a level 6 spell: Deflect Missiles
   662 | D        | Learned a level 2 spell: Poisonous Vapours
   674 | D        | Bought 2 scrolls of blinking for 210 gold pieces
   712 | D        | Found a glowing silver altar of Zin.
   713 | D        | Found a glowing golden altar of the Shining One.
   713 | D        | Found a basalt altar of Yredelemnul.
   713 | D        | Found a hide-covered altar of Uskayaw.
   714 | D        | Found a shimmering altar of Xom.
   714 | D        | Found a bloodstained altar of Trog.
   715 | D        | Found an ornate altar of the Wu Jian Council.
   715 | D        | Found a deep blue altar of Sif Muna.
   715 | D        | Found a corrupted altar of Lugonu.
   715 | D        | Found a radiant altar of Vehumet.
   715 | D        | Found a burning altar of Makhleb.
   716 | D        | Found a sacrificial altar of Ru.
   716 | D        | Found an ancient bone altar of Kikubaaqudgha.
   716 | D        | Found a white marble altar of Elyvilon.
   717 | D        | Found a stormy altar of Qazlal.
   717 | D        | Found a viscous altar of Jiyva.
   717 | D        | Found a shadowy altar of Dithmenos.
   718 | D        | Found a hazy altar of Hepliaklqana.
   718 | D        | Found a snail-covered altar of Cheibriados.
   720 | D        | Noticed a polar bear
   720 | D        | Found a roughly hewn altar of Beogh.
   720 | D        | Found a sparkling altar of Nemelex Xobeh.
   720 | D        | Found a blossoming altar of Fedhas.
   720 | D        | Noticed a hornet
   720 | D        | Noticed a polar bear
   722 | D        | Noticed a polar bear
   724 | D        | Killed a polar bear
   724 | D        | Reached skill level 5 in Fighting
   724 | D        | Reached XP level 9. HP: 27/45 MP: 17/24
   725 | D        | Noticed a yaktaur
   725 | D        | Found an iron altar of Okawaru.
   725 | D        | Found an opulent altar of Gozag.
   727 | D        | Reached skill level 1 in Charms
   727 | D        | Reached skill level 1 in Air Magic
   727 | D        | Reached skill level 1 in Poison Magic
   732 | D        | Killed a polar bear
   732 | D        | Reached skill level 14 in Stealth
   732 | D        | Reached skill level 1 in Conjurations
   732 | D        | Reached skill level 1 in Ice Magic
   736 | D        | Killed a polar bear
   736 | D        | Reached skill level 10 in Short Blades
   740 | D        | Killed a yaktaur
   770 | D        | Became a worshipper of Dithmenos the Shadowed
   780 | D        | Noticed a spiny frog
   781 | D        | Noticed a spiny frog
   782 | D        | Killed a spiny frog
   784 | D        | Killed a spiny frog
   784 | D        | Reached skill level 5 in Armour
   797 | D        | Noticed a fire dragon
   804 | D        | Killed from afar by a fire dragon

Vault maps used:
D:        the_violet_keep_of_menkaure

Skill      XL: |  1  2  3  4  5  6  7  8  9 |
---------------+----------------------------+-----
Fighting       | 1 2 3 4 5 |  5.5
Short Blades   | 3 4 6 7 8 9 10 | 10.3
Armour         | 1 2 3 4 5 |  5.0
Dodging        | 6 7 8 9 11 12 13 | 13.3
Stealth        | 7 8 10 12 13 14 | 14.6
Spellcasting   | 5 6 7 8 9 10 11 | 11.4
Hexes          | 4 5 6 7 8 |  8.8
Charms         | 3 |  3.7
Air Magic      | 2 |  2.2
Poison Magic   | 2 |  2.4
Conjurations   | 1 |  1.8
Ice Magic      | 2 |  2.0

Action                   |  1- 3 |  4- 6 |  7- 9 || total
-------------------------+-------+-------+-------++-------
Melee: Dagger            |     7 |    83 |    23 ||   113
 Cast: Ensorcelled Hiber |       |     2 |    13 ||    15
       Confuse           |       |       |     3 ||     3
       Dazzling Spray    |       |       |     3 ||     3
  Use: Potion            |     1 |     2 |       ||     3
 Stab: Sleeping          |       |     1 |    13 ||    14
       Invisible         |       |       |     3 ||     3
       Confused          |       |       |     2 ||     2
Armor: Robe              |       |     4 |     2 ||     6
Dodge: Dodged            |     3 |    56 |    29 ||    88
